 Dungeon Sprint DCSS version 0.21-a0-221-gfe971b9 (webtiles) character file.

830 Kidiri the Thaumaturge (level 7, -6/41 HPs)
             Began as a Deep Elf Fire Elementalist on Aug 24, 2017.
             Was the Champion of Vehumet.
             Killed from afar by an orc wizard (9 damage)
             ... with a puff of flame
             ... in the Dungeon (Sprint VII: "The Pits").
             The game lasted 00:06:31 (807 turns).

Kidiri the Thaumaturge (Deep Elf Fire Elementalist)  Turns: 807, Time: 00:06:32

Health: -6/41      AC:  2    Str:  5    XL:     7   Next: 65%
Magic:  11/25      EV: 15    Int: 22    God:    Vehumet [******]
Gold:   0          SH:  0    Dex: 15    Spells: 2/31 levels left

rFire    . . .     SeeInvis .   r - +1 dagger (venom)
rCold    . . .     Gourm    .   (no shield)
rNeg     . . .     Faith    .   a - +0 robe
rPois    .         Spirit   .   (no helmet)
rElec    .         Reflect  .   (no cloak)
rCorr    .         Harm     .   (no gloves)
MR       .....     NoTele   +   (no boots)
Stlth    ++........             (no amulet)
HPRegen  0.13/turn              (no ring)
MPRegen  0.19/turn              (no ring)

@: very slightly contaminated
A: no striking features
a: Renounce Religion


You were in the Dungeon.
You worshipped Vehumet.
Vehumet was exalted by your worship.
You were not hungry.

You visited 1 branch

Inventory:

Hand Weapons
 r - a +1 dagger of venom (weapon)
Armour
 a - a +0 robe (worn)
 p - a +0 robe
Scrolls
 k - 3 scrolls of remove curse
 l - 4 scrolls of amnesia
 m - a scroll of summoning
Potions
 d - 6 potions of curing
 e - 3 potions of heal wounds
 f - a potion of haste
 g - 4 potions of magic
 h - 3 potions of berserk rage
 j - 2 potions of invisibility
Books
 b - a book of Flames

   Spells                             Type                      Level
   a - Flame Tongue                   Conjuration/Fire             1
   b - Throw Flame                    Conjuration/Fire             2
   c - Conjure Flame                  Conjuration/Fire             3
   d - Inner Flame                    Hexes/Fire                   3
   e - Sticky Flame                   Conjuration/Fire             4
   f - Fireball                       Conjuration/Fire             5
Comestibles
 c - 8 bread rations
 n - 40 fruits
 o - 7 meat rations
 q - 5 chunks of flesh


   Skills:
 + Level 3.3 Fighting
 + Level 4.1 Short Blades
 + Level 3.3 Armour
 + Level 5.8 Dodging
 - Level 2.4 Stealth
 * Level 12.5 Spellcasting
 + Level 7.2 Conjurations
 + Level 8.2 Fire Magic
 + Level 3.1 Ice Magic
 + Level 4.0 Air Magic


You had 2 spell levels left.
You knew the following spells:

 Your Spells              Type           Power        Failure   Level  Hunger
a - Flame Tongue          Conj/Fire      #####        1%          1    None
b - Throw Flame           Conj/Fire      #####.       1%          2    None
c - Conjure Flame         Conj/Fire      #####...     1%          3    None
d - Inner Flame           Hex/Fire       ####....     1%          3    None
e - Sticky Flame          Conj/Fire      #####...     1%          4    None
f - Fireball              Conj/Fire      #####.....   1%          5    ####...
g - Throw Icicle          Conj/Ice       #####...     1%          4    None
h - Static Discharge      Conj/Air       #####...     1%          3    None
i - Olgreb's Toxic Radia  Pois           ##......     13%         4    None


Dungeon Overview and Level Annotations

Branches:
Dungeon (1/1)

Altars:
Ashenzari
Cheibriados
Dithmenos
Elyvilon
Fedhas
Gozag
Hepliaklqana
Kikubaaqudgha
Makhleb
Nemelex Xobeh
Okawaru
Qazlal
Ru
Sif Muna
Trog
Uskayaw
Vehumet
Wu Jian
Xom
Yredelemnul
Zin
The Shining One
Beogh
Jiyva
Lugonu


Message History

You feel your power returning.
Memorise Throw Icicle, consuming 4 spell levels and leaving 2?
Vehumet grants you knowledge of Throw Icicle.
You start memorising the spell.
You continue memorising. x4
You finish memorising.
Spell assigned to 'g'.
You resume training Ice Magic.
Unknown command.
Really walk into that cloud of flame?
Okay, then.
Unknown command.
There is an open door here.
You see here a chunk of flesh.
Things that are here:
a flail; a chunk of flesh Autopickup is now on.
There isn't anything to butcher here.
You hear some strange, mumbled words.
A puff of flame appears from out of thin air!
Deactivating autopickup; reactivate with Ctrl-A.
The puff of flame hits you!
You die...

#.#........##.......#
#'###########.......#
#.......#..##########
#..#÷#..#.######
#.##.##.#)#..%.#
#.......#'#....#
#.##.##.#)§.h..+
#..#.#..#§#....#
#.......@)# ...#
########### ###


There were no monsters in sight!

Vanquished Creatures
  A wyvern (D)
  Edmund (D)
  A water moccasin (D)
  4 wolves (D)
  2 orc priests (D)
  Jessica (D)
  A mummy (D)
  2 adders (D)
  A white imp (D)
  An ufetubus (D)
  2 orcs (D)
  A giant cockroach (D)
  2 hobgoblins (D)
  5 jackals (D)
  A quokka (D)
  A bat (D)
  2 frilled lizards (D)
  A giant cockroach zombie (D)
  A leopard gecko zombie (D)
  A quokka zombie (D)
  A rat (D)
33 creatures vanquished.

Notes
Turn   | Place    | Note
-------+----------+-------------------------------------------
     0 | D        | Kidiri the Deep Elf Fire Elementalist began the quest for the Orb.
     0 | D        | Reached XP level 1. HP: 10/10 MP: 6/6
    48 | D        | Found a bloodstained altar of Trog.
    48 | D        | Found a deep blue altar of Sif Muna.
    48 | D        | Found a viscous altar of Jiyva.
    48 | D        | Found a hazy altar of Hepliaklqana.
    48 | D        | Found an opulent altar of Gozag.
    49 | D        | Found a glowing golden altar of the Shining One.
    49 | D        | Found a glowing silver altar of Zin.
    49 | D        | Found a basalt altar of Yredelemnul.
    49 | D        | Found a shimmering altar of Xom.
    49 | D        | Found an ornate altar of the Wu Jian Council.
    49 | D        | Found a sacrificial altar of Ru.
    49 | D        | Found a stormy altar of Qazlal.
    49 | D        | Found an iron altar of Okawaru.
    49 | D        | Found a sparkling altar of Nemelex Xobeh.
    49 | D        | Found a burning altar of Makhleb.
    49 | D        | Found a blossoming altar of Fedhas.
    49 | D        | Found a white marble altar of Elyvilon.
    49 | D        | Found a shadowy altar of Dithmenos.
    49 | D        | Found a snail-covered altar of Cheibriados.
    51 | D        | Found a radiant altar of Vehumet.
    51 | D        | Found a corrupted altar of Lugonu.
    51 | D        | Found a roughly hewn altar of Beogh.
    52 | D        | Found a hide-covered altar of Uskayaw.
    52 | D        | Found an ancient bone altar of Kikubaaqudgha.
    52 | D        | Found a shattered altar of Ashenzari.
    59 | D        | Became a worshipper of Vehumet
   120 | D        | Reached * piety under Vehumet
   120 | D        | Offered knowledge of Sandblast by Vehumet.
   120 | D        | Reached skill level 4 in Spellcasting
   168 | D        | Reached ** piety under Vehumet
   170 | D        | Reached skill level 5 in Spellcasting
   170 | D        | Reached XP level 2. HP: 15/15 MP: 6/10
   176 | D        | Learned a level 2 spell: Throw Flame
   245 | D        | Noticed a water moccasin
   252 | D        | Killed a water moccasin
   252 | D        | Reached *** piety under Vehumet
   252 | D        | Reached skill level 9 in Spellcasting
   252 | D        | Reached skill level 5 in Conjurations
   252 | D        | Reached XP level 3. HP: 6/19 MP: 5/15
   252 | D        | Reached XP level 4. HP: 8/24 MP: 5/17
   258 | D        | Offered knowledge of Freeze by Vehumet.
   259 | D        | Noticed Jessica
   265 | D        | Learned a level 3 spell: Conjure Flame
   272 | D        | Learned a level 3 spell: Inner Flame
   277 | D        | Learned a level 4 spell: Sticky Flame
   277 | D        | Killed Jessica
   277 | D        | Reached **** piety under Vehumet
   277 | D        | Reached XP level 5. HP: 28/28 MP: 1/19
   290 | D        | Learned a level 5 spell: Fireball
   292 | D        | Learned a level 1 spell: Freeze
   375 | D        | Offered knowledge of Static Discharge by Vehumet.
   375 | D        | Reached skill level 10 in Spellcasting
   401 | D        | Learned a level 3 spell: Static Discharge
   418 | D        | Offered knowledge of Olgreb's Toxic Radiance by Vehumet.
   424 | D        | Noticed a wyvern
   427 | D        | Killed a wyvern
   427 | D        | Reached skill level 1 in Fighting
   427 | D        | Reached skill level 1 in Armour
   427 | D        | Reached XP level 6. HP: 8/35 MP: 12/21
   434 | D        | Learned a level 4 spell: Olgreb's Toxic Radiance
   672 | D        | Noticed Edmund
   677 | D        | Offered knowledge of Throw Icicle by Vehumet.
   677 | D        | Reached ***** piety under Vehumet
   681 | D        | Reached skill level 11 in Spellcasting
   696 | D        | Killed Edmund
   774 | D        | Reached XP level 7. HP: 13/40 MP: 18/24
   784 | D        | Reached skill level 5 in Dodging
   787 | D        | Reached skill level 12 in Spellcasting
   787 | D        | Reached ****** piety under Vehumet
   793 | D        | HP: 1/41 [orc priest/divine providence (9)]
   804 | D        | Learned a level 4 spell: Throw Icicle
   807 | D        | Killed from afar by an orc wizard

Vault maps used:
D:        pitsprint

Skill      XL: |  1  2  3  4  5  6  7 |
---------------+----------------------+-----
Spellcasting   | 5 9 10 11 12 | 12.5
Conjurations   | 2 5 6 7 |  7.2
Fire Magic     | 4 6 7 8 |  8.2
Fighting       | 1 2 3 |  3.3
Short Blades   | 2 3 4 |  4.1
Armour         | 1 2 3 |  3.3
Dodging        | 3 4 5 |  5.8
Ice Magic      | 2 3 |  3.1
Air Magic      | 2 3 4 |  4.0
Stealth        | |  2.4

Action                   |  1- 3 |  4- 6 |  7- 9 || total
-------------------------+-------+-------+-------++-------
Melee: Dagger            |     1 |     3 |     2 ||     6
 Cast: Flame Tongue      |    17 |    21 |     6 ||    44
       Sticky Flame      |       |     5 |     1 ||     6
       Conjure Flame     |       |     2 |     1 ||     3
       Inner Flame       |       |     1 |     3 ||     4
       Olgreb's Toxic Ra |       |     1 |       ||     1
  Use: Potion            |       |     1 |     2 ||     3
       Scroll            |       |     1 |     1 ||     2
Armor: Robe              |       |       |     3 ||     3
Dodge: Dodged            |     5 |     6 |     4 ||    15

Table legend:
 A = Spawn XP
 B = Non-spawn XP
 C = Spawn XP percentage of total XP
 D = Spawn monster count
 E = Non-spawn monster count
 F = Spawn count percentage of total count
 G = Total turns spent on level
                    A         B        C        D         E        F      G
               +---------+---------+-------+---------+---------+-------+---------
         Total |       0 |    1186 |   0.0 |       0 |      33 |   0.0 |   807
               +---------+---------+-------+---------+---------+-------+---------
             D |       0 |    1186 |   0.0 |       0 |      33 |   0.0 |   807
               +---------+---------+-------+---------+---------+-------+---------
